 Dungeon Crawl Stone Soup version 0.31-a0-876-gfe8ebadbca (webtiles) character file.

Game seed: 9993127862647531022

2053047 Forgeling the Petrodigitator (level 27, 209/209 HPs)
             Began as a Gargoyle Earth Elementalist on Oct 12, 2023.
             Was a High Priest of Sif Muna.
             Escaped with the Orb
             ... and 4 runes on Oct 14, 2023!
             The game lasted 05:10:58 (86635 turns).

Forgeling the Petrodigitator (GrEE)                Turns: 86635, Time: 05:10:58

Health: 209/209    AC: 39    Str: 19      XL:     27
Magic:  62/65      EV: 10    Int: 32      God:    Sif Muna [*****.]
Gold:   3440       SH: 17    Dex:  8 (10) Spells: 8/66 levels left

rFire   + + .        b - staff "Zoir" {Will+ SInv Conj}
rCold   + . .        s - +5 Storm Queen's Shield {shock, Fly rElec}
rNeg    + . .        l - +1 ring mail of Recklessness {MP+9 Stlth+}
rPois   ∞            n - +0 helmet {SInv}
rElec   +            j - scarf {rC+ rF+}
rCorr   .            r - +0 pair of gloves
SInv    +            x - +4 pair of boots of Lethargy {Str+3}
Will    +++..        o - amulet "Qonnasaula" {Regen+ MP+9}
Stlth   +            c - +6 ring of intelligence
HPRegen 1.34/turn    L - ring of protection from fire
MPRegen 0.39/turn

%: no passive effects
@: flying
A: sickness immunity, AC +20, big wings, negative energy resistance 1,
electricity resistance, torment resistance 1, petrification resistance, talons
1, robust 1, screaming 2, subdued magic 1
0: Orb of Zot
}: 4/15 runes: decaying, serpentine, slimy, silver
a: Renounce Religion, Channel Magic, Forget Spell, Divine Exegesis


You escaped.
You worshipped Sif Muna.
Sif Muna was extremely pleased with you.
You visited 11 branches of the dungeon, and saw 55 of its levels.
You visited the Abyss 1 time.
You visited 1 bazaar.
You also visited: Bailey and Volcano.

You collected 10636 gold pieces.
You spent 7196 gold pieces at shops.

Inventory:

Missiles
 T - 6 curare-tipped darts
Armour
 j - a scarf of resistance (worn)
 l - the +1 ring mail of Recklessness (worn) {MP+9 Stlth+}
   (You took it off Duvessa on level 7 of the Dungeon)

   MP+9:      It affects your magic capacity (+9).
   Stlth+:    It makes you more stealthy.
 n - a +0 helmet of see invisible (worn)
 r - a +0 pair of gloves (worn)
 s - the +5 Storm Queen's Shield (worn) {shock, Fly rElec}
   (You found it on level 2 of the Depths)

   Shock:     When it blocks an attack, it may electrocute the attacker.
   This works even against foes who are a short distance away.
   rElec:     It insulates you from electricity.
   Fly:       It grants you flight.
 x - the +4 pair of boots of Lethargy (worn) {Str+3}
   (You found it on level 3 of the Elven Halls)

   Str+3:     It affects your strength (+3).
Magical Staves
 a - a staff of earth
 b - the staff "Zoir" (weapon) {Will+ SInv Conj}
   (You found it on level 5 of the Vaults)

   [staff of conjuration]

   Base accuracy: +5 Base damage: 5 Base attack delay: 1.2 This weapon's minimum
   attack delay (0.6) is reached at skill level 12.
   Will+:     It increases your willpower.
   SInv:      It lets you see invisible.
   Conj:      It increases the power of your Conjurations spells.
   It falls into the 'Staves' category.
   It is a one-handed weapon.
 q - the staff of the Four Shrikes {rElec rPois Str+3 Dex+2 Stlth+ Air}
   (You found it on level 5 of the Pits of Slime)

   [staff of air]

   Base accuracy: +5 Base damage: 5 Base attack delay: 1.2 This weapon's minimum
   attack delay (0.6) is reached at skill level 12.
   Str+3:     It affects your strength (+3).
   Dex+2:     It affects your dexterity (+2).
   rElec:     It insulates you from electricity.
   rPois:     It protects you from poison Stlth+: It makes you more stealthy.
   Air:       It increases the power of your Air spells.
   It falls into the 'Staves' category.
   It is a one-handed weapon.
Jewellery
 c - a +6 ring of intelligence (left hand)
 o - the amulet "Qonnasaula" (around neck) {Regen+ MP+9}
   (You found it on level 5 of the Dungeon)

   [amulet of regeneration]

   MP+9:      It affects your magic capacity (+9).
   Regen+:    It increases your rate of health regeneration.
 t - the ring "Utzeomec" {+Blink rPois Will+ Str+2}
   (You took it off a tengu reaver on level 5 of the Vaults)

   [ring of poison resistance]

   Str+2:     It affects your strength (+2).
   rPois:     It protects you from poison Will+: It increases your willpower.
   +Blink:    It lets you blink.
 v - the ring of Wabril {rC+ rN+ Int+5 Dex-3}
   (You bought it in a shop on level 1 of the Snake Pit)

   [ring of positive energy]

   Int+5:     It affects your intelligence (+5).
   Dex-3:     It affects your dexterity (-3).
   rC+:       It protects you from cold.
   rN+:       It protects you from negative energy.
 z - a ring of resist corrosion
 L - a ring of protection from fire (right hand)
Wands
 d - a wand of digging (41)
 e - a wand of charming (41)
 h - a wand of light (30)
 i - a wand of roots (35)
 y - a wand of mindburst (35)
Scrolls
 f - 6 scrolls of enchant armour
 u - 14 scrolls of amnesia
 D - 3 scrolls of blinking
 E - 8 scrolls of fear
 F - 9 scrolls of fog
 K - 6 scrolls of immolation
 O - 8 scrolls of silence
 S - 8 scrolls of butterflies
 V - 5 scrolls of vulnerability
 X - 4 scrolls of revelation {@r4}
 Y - 10 scrolls of teleportation {@r3}
Potions
 k - 5 potions of enlightenment
 A - 9 potions of attraction
 B - 6 potions of brilliance
 C - 6 potions of cancellation
 G - 2 potions of ambrosia
 H - 7 potions of haste
 I - 5 potions of invisibility
 J - 29 potions of curing {@q1}
 M - 8 potions of might
 N - 17 potions of heal wounds {@q2}
 Q - 5 potions of magic
 R - 3 potions of resistance
 U - 11 potions of mutation
Miscellaneous
 g - a condenser vane
 m - a phantom mirror


   Skills:
 + Level 24.3 Fighting
 - Level 12.0 Staves
 - Level 15.0 Armour
 - Level 1.5 Dodging
 - Level 4.0 Stealth
 - Level 16.3 Shields
 - Level 20.0 Spellcasting
 - Level 18.0 Conjurations
 - Level 5.0 Necromancy
 - Level 7.0 Transmutations
 O Level 27 Earth Magic
 - Level 18.1 Invocations
 - Level 17.8 Evocations


You had 8 spell levels left.
You knew the following spells:

 Your Spells              Type           Power      Damage    Failure   Level
a - Lehudib's Crystal Sp  Conj/Erth      58%        10d13     1%          8
b - Brom's Barrelling Bo  Conj/Erth      100%       2d11      0%          4
c - Borgnjor's Vile Clut  Necr/Erth      40%        N/A       1%          5
d - Bombard               Conj/Erth      58%        9d10      1%          6
e - Shatter               Erth           51%        3d39*     2%          9
f - Orb of Destruction    Conj           53%        9d13      1%          7
g - Petrify               Tmut/Erth      83%        N/A       0%          4
u - Passwall              Tmut/Erth      69%        N/A       0%          2
v - Lee's Rapid Deconstr  Erth           51%        3d24*     0%          5
x - Stone Arrow           Conj/Erth      100%       3d13      0%          3
y - Irradiate             Conj/Tmut      46%        3d27      1%          5

Your spell library contained the following spells:

 Spells                   Type           Power      Damage    Failure   Level
 Kiss of Death            Conj/Necr      100%       2d13      0%          1
 Magic Dart               Conj           100%       1d8       0%          1
 Sandblast                Erth           100%       2d20      0%          1
 Searing Ray              Conj           100%       2d8       0%          2
 Apportation              Tloc           48%        N/A       1%          1
 Foxfire                  Conj/Fire      100%       2x1d9     1%          1
 Freeze                   Ice            96%        1d10      1%          1
 Necrotise                Necr           100%       1d9       1%          1
 Shock                    Conj/Air       100%       1d9       1%          1
 Slow                     Hex            96%        N/A       1%          1
 Sting                    Tmut/Pois      100%       1d8       1%          1
 Summon Small Mammal      Summ           96%        N/A       1%          1
 Momentum Strike          Conj/Tloc      100%       3d10      1%          2
 Static Discharge         Conj/Air       100%       2-7/arc   1%          2
 Wereblood                Tmut           56%        N/A       1%          2
 Dazzling Flash           Conj/Hex       100%       N/A       1%          3
 Hailstorm                Conj/Ice       80%        3d16      1%          3
 Ignite Poison            Fire/Tmut/Pois 36%        N/A       1%          3
 Mephitic Cloud           Conj/Pois/Air  69%        N/A       1%          3
 Vampiric Draining        Necr           49%        2d9       1%          3
 Animate Armour           Summ/Erth      100%       N/A       1%          4
 Flame Wave               Conj/Fire      80%        2d17      1%          4
 Fulminant Prism          Conj/Hex       40%        3d19      1%          4
 Iskenderun's Mystic Bla  Conj/Tloc      80%        2d16      1%          4
 Leda's Liquefaction      Hex/Erth       37%        N/A       1%          4
 Sticky Flame             Conj/Fire      80%        2d9       1%          4
 Arcjolt                  Conj/Air       40%        1d50      1%          5
 Fireball                 Conj/Fire      40%        3d16      1%          5
 Iskenderun's Battlesphe  Conj           100%       2d15      1%          5
 Blink                    Tloc           48%        N/A       2%          2
 Call Imp                 Summ           48%        N/A       2%          2
 Ensorcelled Hibernation  Hex/Ice        48%        N/A       2%          2
 Jinxbite                 Hex            48%        N/A       2%          2
 Lesser Beckoning         Tloc           48%        N/A       2%          2
 Poisonous Vapours        Pois/Air       48%        N/A       2%          2
 Scorch                   Fire           48%        2d7       2%          2
 Animate Dead             Necr           49%        N/A       2%          4
 Dispel Undead            Necr           49%        3d18      2%          4
 Freezing Cloud           Conj/Ice/Air   34%        6-21      4%          5
 Call Canine Familiar     Summ           24%        N/A       5%          3
 Confusing Touch          Hex            24%        N/A       5%          3
 Frozen Ramparts          Ice            48%        1d8       5%          3
 Gell's Gravitas          Tloc           24%        N/A       5%          3
 Inner Flame              Hex/Fire       24%        N/A       5%          3
 Ozocubu's Armour         Ice            24%        N/A       5%          3
 Sigil of Binding         Hex            24%        N/A       5%          3
 Summon Guardian Golem    Hex/Summ       24%        N/A       5%          3
 Swiftness                Air            24%        N/A       5%          3
 Teleport Other           Tloc           24%        N/A       5%          3
 Tukima's Dance           Hex            24%        N/A       5%          3
 Volatile Blastmotes      Fire/Tloc      48%        2d14      5%          3
 Anguish                  Hex/Necr       18%        N/A       7%          4
 Agony                    Necr           49%        N/A       7%          5
 Conjure Ball Lightning   Conj/Air       40%        3x3d13    7%          6
 Starburst                Conj/Fire      40%        6d11      7%          6
 Alistair's Intoxication  Tmut/Pois      27%        N/A       13%         5
 Yara's Violent Unravell  Hex/Tmut       20%        3d9       13%         5
 Airstrike                Air            12%        2d(2-18)  21%         4
 Cause Fear               Hex            12%        N/A       21%         4
 Dimensional Bullseye     Hex/Tloc       12%        N/A       21%         4
 Manifold Assault         Tloc           24%        N/A       21%         4
 Olgreb's Toxic Radiance  Pois           24%        N/A       21%         4
 Passage of Golubria      Tloc           24%        N/A       21%         4
 Summon Ice Beast         Ice/Summ       24%        N/A       21%         4
 Summon Lightning Spire   Summ/Air       24%        N/A       21%         4
 Vhi's Electric Charge    Tloc/Air       48%        N/A       21%         4
 Death Channel            Necr           24%        N/A       38%         6
 Spellforged Servitor     Conj/Summ      40%        N/A       41%         7
 Metabolic Englaciation   Hex/Ice        12%        N/A       50%         5
 Silence                  Hex/Air        12%        N/A       50%         5
 Summon Forest            Summ/Tloc      12%        N/A       50%         5
 Summon Mana Viper        Hex/Summ       24%        N/A       50%         5
 Eringya's Noxious Bog    Tmut/Pois      20%        4d6       61%         6
 Simulacrum               Ice/Necr       18%        N/A       75%         6
 Dispersal                Tloc           12%        N/A       98%         6
 Plasma Beam              Fire/Air       12%        2x1d23    98%         6
 Summon Cactus Giant      Summ           12%        N/A       98%         6
 Haunt                    Necr/Summ      18%        N/A       100%        7
 Malign Gateway           Summ/Tloc      12%        N/A       100%        7
 Monstrous Menagerie      Summ           12%        N/A       100%        7
 Ozocubu's Refrigeration  Ice            12%        4d10      100%        7
 Summon Hydra             Summ           12%        N/A       100%        7
 Borgnjor's Revivificati  Necr           24%        N/A       100%        8
 Discord                  Hex            12%        N/A       100%        8
 Disjunction              Tloc           12%        N/A       100%        8
 Ignition                 Fire           12%        3d6       100%        8
 Infestation              Necr           24%        N/A       100%        8
 Maxwell's Capacitive Co  Air            12%        ∞         100%        8
 Summon Horrible Things   Summ           12%        N/A       100%        8
 Chain Lightning          Conj/Air       40%        3d53      100%        9
 Death's Door             Necr           24%        N/A       100%        9
 Dragon's Call            Summ           12%        N/A       100%        9
 Fire Storm               Conj/Fire      40%        8d10      100%        9
 Polar Vortex             Ice            12%        12d1*     100%        9
 Sublimation of Blood     Necr           Unusable   N/A       N/A         2

Dungeon Overview and Level Annotations

Branches:
Dungeon (15/15)            Temple (0/1) D:6            Lair (5/5) D:9
  Swamp (4/4) Lair:2        Snake (4/4) Lair:3        Slime (5/5) Lair:4
    Orc (2/2) D:12            Elf (3/3) Orc:2        Vaults (5/5) D:13
  Crypt (3/3) Vaults:3       Tomb (0/3) Crypt:3      Depths (4/4) D:15
    Zot (5/5) Depths:4     Bailey (visited)         Volcano (visited)

Altars:
Ashenzari
Fedhas
Kikubaaqudgha
Qazlal
Sif Muna
Trog
Uskayaw
Vehumet
Wu Jian
Xom
Yredelemnul
Jiyva

Shops:
D:7 :!   D:11 (   Orc:1 !   Orc:2 !*(=   Snake:1 (*=!(   Snake:4 *   Vaults:1 (
Vaults:2 (   Vaults:3 ((   Vaults:4 (

Portals:
Hell: Depths:1 Depths:2 Depths:3 Depths:4
Abyss: Depths:1 Depths:2 Depths:3
Pandemonium: Depths:2
Ziggurat: Depths:2

Annotations:
Lair:4 Zyxuithu's ghost, journeyman MeSh
Zot:1 exclusion: 3 doors
Zot:5 1 exclusion


Innate Abilities, Weirdness & Mutations

You are immune to sickness and miasma.
Your stone body is resilient. (AC +20)
You are immune to poison.
Your large and strong wings let you fly.
You resist negative energy. (rN+)
You are resistant to electric shocks. (rElec)
You are resistant to unholy torment.
You are immune to petrification.
You have sharp toenails.
You are robust. (+10% HP)
You frequently scream uncontrollably at your foes.
Your spells are a little easier to cast, but a little less powerful.


Message History

What level of the Dungeon? (default 1, ? - help)
A profane servitor comes into view.
It is wielding a +2 demon whip of flaming.
Unknown command.
Casting: Lehudib's Crystal Spear (mildly dangerous; 1% risk of failure)
Confirm with . or Enter, or press ? or * to list all spells.
Aiming: Lehudib's Crystal Spear (mildly dangerous; 1% risk of failure)
Press: ? - help, Shift-Dir - straight line, f - profane servitor
Aim: a profane servitor, wielding a +2 demon whip of flaming (umbra, 53% to hit)
You feel a surge of power!
The crystal spear hits the profane servitor!!!!
The profane servitor is heavily damaged.
Casting: Lehudib's Crystal Spear (mildly dangerous; 1% risk of failure)
Confirm with . or Enter, or press ? or * to list all spells.
Aiming: Lehudib's Crystal Spear (mildly dangerous; 1% risk of failure)
Press: ? - help, Shift-Dir - straight line, f/p - profane servitor
Aim: a profane servitor, wielding a +2 demon whip of flaming (heavily damaged, umbra, 53% to hit)
You feel a surge of power!
The crystal spear hits the profane servitor!!!
The profane servitor is almost destroyed.
Casting: Lehudib's Crystal Spear (mildly dangerous; 1% risk of failure)
Confirm with . or Enter, or press ? or * to list all spells.
Aiming: Lehudib's Crystal Spear (mildly dangerous; 1% risk of failure)
Press: ? - help, Shift-Dir - straight line, f/p - profane servitor
Aim: a profane servitor, wielding a +2 demon whip of flaming (almost destroyed, umbra, 53% to hit)
You feel a surge of power!
The crystal spear hits the profane servitor!!!
You destroy the profane servitor!
What level of the Dungeon? (default 1, ? - help)
There is a stone staircase leading up here.
You fly upwards.
There is a stone staircase leading down here. a +0 chain mail; a +0 hand axe
There is a stone staircase leading up here.
You fly upwards.
There is a stone staircase leading down here.
There is a stone staircase leading up here.
You fly upwards.
There is a stone staircase leading down here.
There is a staircase leading out of the dungeon here.
You have escaped!

[.......###..####.#.#............
#..##.########.....##############
#..##.# ##...#.....#.$.##
#..##.####.8.#.....#.8.##
...##....#.x&#.....#...##
##.####.######.....##############
##.####.#...............#........
.....##.................#.#######
##.#.####.......@.......#.#
#.#..# #...............#.#
##.#..# #...............#.####
......# ######.....##.##.....#
.#.##.####...#.....#...##.##.#
[#.....###.8.#.....#.8..#.##.#
#####..###...#.....#...#..##.#
#...######.....#####..##.#
#................##.##.#.#


You could see Poafel and a small abomination.

Vanquished Creatures
  the Royal Jelly (Slime:5)
  4 dread liches
  An ancient lich (Zot:5)
  6 orbs of fire
  Mennas (Vaults:5)
  The ghost of Ygyeth Femmu the Hoplite, a veteran MiBe of Trog (Zot:1)
  Sojobo (Vaults:2)
  Vv (Crypt:2)
  Bai Suzhen (Swamp:4)
  3 Killer Klowns (Zot:5)
  Parghit (Zot:4)
  Saint Roka (Vaults:2)
  11 golden dragons
  A caustic shrike (Depths:2)
  3 curse toes
  Nikola (Vaults:1)
  A profane servitor (D:4)
  3 bone dragons
  2 doom hounds (Depths:4)
  4 electric golems
  25 Orb Guardians (Zot:5)
  17 tentacled monstrosities
  Jorgrun (D:14)
  4 titans
  2 pandemonium lords
  9 liches
  6 sphinxes
  2 deep elf blademasters
  18 acid blobs
  6 quicksilver dragons
  Grunn (Depths:4)
  3 deep elf master archers
  2 ancient champions (Crypt:1)
  3 Executioners
  10 death cobs
  A tentacled starspawn (Abyss:3)
  Agnes (D:14)
  Gastronok (Orc:1)
  13 tengu reavers
  17 storm dragons
  The ghost of Kevimi the Acrobat, an adept FeNe of Sif Muna (Vaults:4)
  4 draconian monks
  11 shadow dragons
  Roxanne (Snake:1)
  7 nagarajas
  Aizul (Snake:4)
  10 rockslimes
  7 draconian knights
  6 azure jellies
  5 fire giants
  A revenant (Crypt:1)
  25 frost giants
  7 deep elf sorcerers (Elf:3)
  Donald (Vaults:4)
  21 vault wardens
  3 deep elf elementalists (Elf:3)
  4 draconian scorchers
  Louise (D:14)
  A juggernaut zombie (Crypt:3)
  2 orc warlords
  2 iron dragons (Depths:3)
  3 spectral caustic shrikes (Depths:3)
  4 ghost moths
  8 draconian shifters
  6 draconian stormcallers
  17 stone giants
  7 ghouls
  13 quicksilver oozes
  13 ironbound preservers
  A reaper (Crypt:2)
  9 war gargoyles
  11 ironbound thunderhulks
  6 draconian annihilators
  4 formless jellyfish
  18 very ugly things
  5 green draconians
  9 vampire knights
  The ghost of laschroeter the Cleaver, a journeyman HOFi of Okawaru (D:13)
  6 deep elf demonologists
  A lorocyproca (D:7)
  7 black draconians
  Nessos (D:14)
  5 eleionomae
  9 spark wasps
  A bunyip (Swamp:4)
  12 white draconians
  6 deep elf annihilators (Elf:3)
  9 purple draconians
  Azrael (Orc:2)
  17 dire elephants
  5 red draconians
  A bunyip (shapeshifter) (Vaults:4)
  5 yellow draconians
  Snorg (Orc:1)
  8 deep elf death magi
  4 eidola
  18 ettins
  A quicksilver dragon zombie (Crypt:3)
  4 crystal guardians
  12 yaktaur captains
  4 fire dragons
  4 deep elf high priests
  7 jiangshi
  12 great orbs of eyes
  3 entropy weavers
  2 rakshasas
  9 ice dragons
  A hell beast (D:5)
  A fenstrider witch zombie (Crypt:1)
  35 vault guards
  A fenstrider witch skeleton (Crypt:1)
  2 salamander tyrants (Snake:4)
  18 hydras
  Erica (D:11)
  Erolcha (D:11)
  A spriggan skeleton (Crypt:1)
  5 spriggan air magi
  8 alligators
  3 ghost crabs
  A peacekeeper (Vaults:2)
  The ghost of Xavori the Covert, a journeyman VSCK of Xom (Lair:2)
  10 ironbound frosthearts
  2 ogre magi
  A catoblepas (D:13)
  3 boulder beetles
  5 anacondas
  10 centaur warriors
  4 tengu warriors
  10 two-headed ogres
  31 dancing weapons
  A death yak (Lair:4)
  A bennu skeleton (Crypt:2)
  3 death knights (Crypt:1)
  A sphinx skeleton (Crypt:1)
  5 orc high priests
  9 deep troll earth magi
  7 shock serpents
  8 deep troll shamans
  4 vampire magi
  6 hell knights (Crypt:3)
  7 naga sharpshooters
  17 deep elf knights
  8 spriggan berserkers
  14 naga warriors
  A titan zombie (Crypt:3)
  A sun demon (D:7)
  4 skysharks
  8 iron trolls
  A storm dragon skeleton (Crypt:1)
  A wretched star (Abyss:3)
  Amaemon (D:8)
  The ghost of cforsyth the Fighter, a novice DjNe of Hepliaklqana (D:7)
  A skyshark (shapeshifter) (Vaults:5)
  A spark wasp zombie (Crypt:2)
  4 salamander mystics
  3 goliath frogs
  17 skeletal warriors
  2 deep trolls (shapeshifter)
  A golden dragon zombie (Crypt:3)
  5 glowing orange brains
  39 deep trolls
  A death drake (Swamp:4)
  9 bog bodies
  A quicksilver dragon simulacrum (Crypt:1)
  12 naga ritualists
  4 wizards
  4 spectral hydras (Swamp:4)
  A bunyip skeleton (Crypt:3)
  6 swamp dragons
  An orange crystal statue (Elf:1)
  19 ironbound convokers
  11 lindwurms
  10 phantasmal warriors
  13 deep elf archers
  Pikel (D:4)
  10 flayed ghosts
  16 mana vipers
  19 orc knights
  21 deep elf zephyrmancers
  11 necromancers
  18 deep elf pyromancers
  25 ugly things
  5 orc sorcerers
  A sphinx simulacrum (Vaults:1)
  A shadow dragon skeleton (Crypt:2)
  5 will-o-the-wisps
  5 manticores
  13 shining eyes
  5 alligator zombies (Swamp:4)
  5 cyclopes
  30 moths of wrath
  A fire giant skeleton (Vaults:1)
  Joseph (D:7)
  A wolf spider zombie (Crypt:1)
  17 salamanders
  23 elephants
  A toenail golem (Volcano)
  3 guardian serpents
  A guardian serpent (shapeshifter) (Vaults:5)
  25 vault sentinels
  A smoke demon (Abyss:3)
  40 black mambas
  4 molten gargoyles (Volcano)
  A centaur skeleton (Crypt:1)
  4 gargoyles
  A water nymph (shapeshifter) (Vaults:5)
  12 naga magi
  An eye of devastation (Slime:5)
  10 cane toads
  Jeremiah (D:6)
  An unseen horror (D:13)
  An orange demon (D:8)
  9 komodo dragons
  8 freezing wraiths
  18 yaktaurs
  4 kobold demonologists (D:12)
  A hellion (Zot:3)
  An alligator snapping turtle zombie (Crypt:3)
  Maggie (D:7)
  3 rime drakes (Lair:5)
  3 swamp worm zombies
  10 efreet
  3 ancient zymes (Abyss:3)
  2 tengu conjurers (Depths:3)
  9 trolls
  2 bloated husks
  2 ice devils (Lair:2)
  A harpy zombie (Crypt:3)
  7 meliai
  3 hydra zombies (Swamp:4)
  17 polar bears
  2 meliai (shapeshifter)
  A mana viper skeleton (Crypt:2)
  14 hornets
  2 harpy skeletons
  4 tyrant leeches
  A dream sheep (Lair:5)
  2 spectral swamp dragons (Swamp:4)
  18 blink frogs
  A hydra skeleton (Crypt:3)
  5 raiju
  An ettin zombie (Crypt:3)
  A centaur simulacrum (D:10)
  An ice dragon zombie (Crypt:1)
  A stone giant simulacrum (Crypt:1)
  5 jumping spiders
  96 slime creatures
  13 spriggans
  38 flying skulls
  A culicivora (shapeshifter) (Elf:3)
  7 large abominations
  4 air elementals
  6 water elementals
  A shadow (D:12)
  An ettin skeleton (Vaults:1)
  3 wyverns
  10 fire elementals
  12 golden eyes
  7 wraiths
  4 basilisks
  3 humans (D:13)
  2 redbacks
  Eustachio (D:5)
  60 yaks
  4 steam dragons (Lair:5)
  A redback (shapeshifter) (Vaults:5)
  8 vampire mosquitoes
  16 swamp worms
  42 nagas
  9 wargs
  A glowing shapeshifter zombie (Crypt:1)
  2 harpy simulacra
  A cane toad zombie (Crypt:1)
  An acid dragon (Lair:5)
  A floating eye (Depths:2)
  17 hell hounds
  11 water moccasins
  Duvessa (D:7)
  44 orc warriors
  2 sky beasts
  A swamp drake (Swamp:2)
  A black bear (shapeshifter) (Vaults:4)
  13 black bears
  An ice beast (D:6)
  8 ogres
  4 swamp dragon zombies (Swamp:4)
  17 wolves (Lair:5)
  A centaur (shapeshifter) (Depths:3)
  A hog zombie (Crypt:2)
  2 boggarts
  9 centaurs
  A lemure (D:4)
  2 starcursed masses (Abyss:3)
  5 phantoms
  3 kobold brigands
  A salamander zombie (Crypt:1)
  5 gnoll sergeants
  5 scorpions
  10 bullfrogs
  3 earth elementals
  6 necrophages
  18 wights
  Dowan (D:7)
  13 jellies
  4 spriggan zombies
  4 killer bees (D:9)
  4 howler monkeys
  3 lava snakes (Lair:3)
  An electric eel (D:13)
  3 small abominations
  A jelly (shapeshifter) (Vaults:5)
  18 orc priests
  2 gnoll boudas (D:7)
  2 hounds
  A sleepcap (D:4)
  7 iguanas
  An iguana (shapeshifter) (Vaults:5)
  Ijyb (D:4)
  Natasha (twice) (D:4)
  A boggart zombie (Crypt:1)
  24 orc wizards
  2 spectral swamp drakes (Swamp:4)
  A hound skeleton (Crypt:2)
  5 adders
  13 gnolls
  A swamp drake skeleton (Crypt:1)
  3 white imps
  2 ufetubi
  An iguana skeleton (Crypt:2)
  4 worms
  2 dart slugs
  An orc (shapeshifter) (Vaults:5)
  78 orcs
  4 ball pythons
  12 endoplasms
  2 giant cockroaches (D:4)
  11 goblins
  10 hobgoblins
  6 jackals
  5 quokkas
  A ball python zombie (Crypt:2)
  16 bats
  4 frilled lizards
  A hobgoblin skeleton (Crypt:2)
  19 kobolds
  A quokka zombie (Crypt:2)
  3 rats
  A starspawn tentacle (Abyss:3)
2403 creatures vanquished.

Vanquished Creatures (collateral kills)
  7 boulders
7 creatures vanquished.

Vanquished Creatures (others)
  An alligator zombie (Swamp:4)
  2 moths of wrath (Zot:1)
  3 bloated husks
  An orc priest (Orc:2)
  An orc wizard (Orc:2)
  3 orcs (Orc:2)
  12 boulders
  40 foxfires
  A starspawn tentacle (Abyss:3)
64 creatures vanquished.

Grand Total: 2474 creatures vanquished

Notes
Turn   | Place    | Note
-------+----------+-------------------------------------------
     0 | D:1      | Forgeling the Gargoyle Earth Elementalist began the quest
                  | for the Orb.
     0 | D:1      | Reached XP level 1. HP: 10/10 MP: 3/3
   108 | D:1      | Reached skill level 4 in Earth Magic
   205 | D:1      | Reached XP level 2. HP: 15/15 MP: 3/5
   567 | D:1      | Reached skill level 5 in Earth Magic
   567 | D:1      | Reached XP level 3. HP: 19/19 MP: 0/6
  1038 | D:2      | Found a faded altar of an unknown god.
  1308 | D:2      | Found a shimmering altar of Xom.
  1343 | D:2      | You fall into a shaft and drop 2 floors!
  1358 | D:4      | Noticed an ogre
  1362 | D:4      | Killed an ogre
  1363 | D:4      | Reached skill level 6 in Earth Magic
  1363 | D:4      | Reached XP level 4. HP: 22/24 MP: 3/8
  1363 | D:4      | Reached XP level 5. HP: 26/28 MP: 3/9
  1629 | D:4      | Reached skill level 7 in Earth Magic
  1713 | D:4      | Noticed Ijyb
  1722 | D:4      | Noticed a lemure
  1737 | D:4      | Killed Ijyb
  1738 | D:4      | Reached XP level 6. HP: 16/32 MP: 4/10
  1829 | D:4      | Noticed Pikel
  1978 | D:3      | Found an ancient bone altar of Kikubaaqudgha.
  2100 | D:3      | Reached skill level 8 in Earth Magic
  2105 | D:3      | Learned a level 4 spell: Petrify
  2627 | D:2      | Reached skill level 1 in Fighting
  2627 | D:2      | Reached skill level 1 in Transmutations
  3579 | D:4      | Killed Pikel
  3580 | D:4      | Reached XP level 7. HP: 32/41 MP: 4/13
  3580 | D:4      | Reached XP level 8. HP: 36/46 MP: 4/14
  3677 | D:4      | Found a stormy altar of Qazlal.
  3682 | D:4      | Noticed Natasha
  3689 | D:4      | Killed Natasha
  4164 | D:5      | Entered Level 5 of the Dungeon
  4219 | D:5      | Reached skill level 9 in Earth Magic
  4444 | D:5      | Reached skill level 10 in Earth Magic
  4705 | D:5      | Identified the amulet "Qonnasaula" {Regen+ MP+9}
  4772 | D:5      | Found a shimmering blue altar of Sif Muna.
  4779 | D:5      | Became a worshipper of Sif Muna the Loreminder
  4941 | D:5      | Noticed Eustachio
  4942 | D:5      | Reached skill level 5 in Spellcasting
  4945 | D:5      | Killed Eustachio
  4946 | D:5      | Reached skill level 5 in Fighting
  4946 | D:5      | Reached XP level 9. HP: 54/54 MP: 12/17
  5638 | D:6      | Reached skill level 1 in Invocations
  5951 | D:6      | Noticed Jeremiah
  6001 | D:6      | Found a staircase to the Ecumenical Temple.
  6055 | D:6      | Reached * piety under Sif Muna
  6113 | D:7      | Noticed Duvessa
  6113 | D:7      | Noticed Dowan
  6113 | D:7      | Noticed a cyclops
  6144 | D:7      | Noticed a hornet
  6160 | D:7      | Noticed Joseph
  6166 | D:7      | Reached skill level 11 in Earth Magic
  6222 | D:7      | Killed Dowan
  6306 | D:7      | Killed a hornet
  6404 | D:7      | Killed Joseph
  6405 | D:7      | Reached skill level 5 in Invocations
  6405 | D:7      | Reached XP level 10. HP: 51/59 MP: 18/19
  6596 | D:7      | Reached skill level 1 in Evocations
  6694 | D:7      | Killed a cyclops
  6758 | D:7      | Noticed Maggie
  6814 | D:7      | Found a transporter.
  6814 | D:7      | Found a transporter.
  6899 | D:7      | Identified the +2 trident "No More Talking" {venom, +Blink
                  | rF+++ Int+3 Dex-2}
  7099 | D:7      | Killed Maggie
  7166 | D:7      | Reached skill level 5 in Transmutations
  7203 | D:7      | Found Nopp's Tremendous Tomes.
  7254 | D:7      | Identified the +1 ring mail of Recklessness {MP+9 Stlth+}
  7273 | D:7      | Killed Duvessa
  7413 | D:7      | Found Maamm's Distillery.
  7417 | D:7      | Bought a potion of brilliance for 56 gold pieces
  7417 | D:7      | Bought a potion of haste for 140 gold pieces
  7648 | D:8      | Noticed an orange demon
  7649 | D:8      | Noticed Amaemon
  7660 | D:8      | Killed Amaemon
  8040 | D:9      | Found a flagged portal.
  8042 | D:9      | Reached ** piety under Sif Muna
  8053 | Bailey   | Entered a bailey
  8677 | Bailey   | Reached skill level 5 in Evocations
  8734 | Bailey   | Learned a level 2 spell: Passwall
  8742 | Bailey   | Acquired 1204 gold pieces
  8745 | Bailey   | Noticed an orc knight
  8832 | Bailey   | Killed an orc knight
  8833 | Bailey   | Reached XP level 11. HP: 63/63 MP: 20/20
  8851 | Bailey   | Identified the +4 executioner's axe of Dishonour {freeze,
                  | rN++ SInv}
  9157 | D:9      | Found a staircase to the Lair.
  9392 | D:9      | Reached *** piety under Sif Muna
  9579 | D:9      | Noticed a manticore
  9593 | D:9      | Killed a manticore
  9841 | D:7      | Bought a potion of enlightenment for 70 gold pieces
  9841 | D:7      | Bought a potion of mutation for 112 gold pieces
  9911 | D:10     | Entered Level 10 of the Dungeon
 10067 | D:10     | Learned a level 4 spell: Brom's Barrelling Boulder
 10093 | D:10     | Found a radiant altar of Vehumet.
 10197 | D:10     | Found a hide-covered altar of Uskayaw.
 10260 | D:10     | Noticed an eight-headed hydra
 10268 | D:10     | Noticed a two-headed ogre
 10287 | D:10     | Killed a two-headed ogre
 10801 | D:6      | Killed Jeremiah
 11011 | D:7      | Identified the ring of Vutej {AC+4 Slay+2}
 11021 | D:7      | Noticed cforsyth's ghost (novice DjNe)
 11134 | D:7      | Killed cforsyth's ghost
 11201 | D:7      | Reached skill level 10 in Fighting
 11362 | Lair:1   | Entered Level 1 of the Lair of Beasts
 11405 | Lair:1   | Reached skill level 5 in Conjurations
 11405 | Lair:1   | Reached XP level 12. HP: 52/77 MP: 22/22
 11464 | Lair:1   | You fall into a shaft and drop 1 floor!
 12202 | Lair:2   | Reached skill level 10 in Evocations
 12333 | Lair:2   | Reached **** piety under Sif Muna
 12473 | Lair:2   | Noticed a seven-headed hydra
 12494 | Lair:2   | Killed a seven-headed hydra
 12500 | Lair:2   | Found a runed translucent door.
 12502 | Lair:2   | Noticed Xavori's ghost (journeyman VSCK)
 12795 | Lair:2   | Noticed a five-headed hydra
 12837 | Lair:2   | Found a staircase to the Swamp.
 12955 | Lair:2   | Killed a five-headed hydra
 13710 | Lair:3   | Learned a level 5 spell: Lee's Rapid Deconstruction
 13773 | Lair:3   | Found a staircase to the Snake Pit.
 13951 | Lair:3   | Reached skill level 12 in Earth Magic
 13992 | Lair:3   | Reached XP level 13. HP: 85/85 MP: 24/24
 14148 | Lair:3   | Reached skill level 13 in Earth Magic
 14774 | Lair:4   | Found a transporter.
 14776 | Lair:4   | Noticed Zyxuithu's ghost (journeyman MeSh)
 15170 | Lair:4   | Learned a level 3 spell: Stone Arrow
 15277 | Lair:4   | Found a staircase to the Slime Pits.
 15277 | Lair:4   | Found a viscous altar of Jiyva.
 15303 | Lair:4   | Reached ***** piety under Sif Muna
 15590 | Lair:4   | Found a blossoming altar of Fedhas.
 15634 | Lair:4   | Found a transporter.
 15838 | Lair:4   | Reached skill level 14 in Earth Magic
 15838 | Lair:4   | Identified Jiowk's Vellum of Amalgamated Changing (Sif Muna
                  | gifted it to you on level 4 of the Lair of Beasts)
 15838 | Lair:4   | Received a gift from Sif Muna
 16596 | Lair:5   | Entered Level 5 of the Lair of Beasts
 16811 | Lair:5   | Reached skill level 10 in Spellcasting
 16827 | Lair:5   | Reached skill level 15 in Earth Magic
 16865 | Lair:5   | Found a dark tunnel.
 16882 | Volcano  | Entered a volcano
 16992 | Volcano  | Gained mutation: Your large and strong wings let you fly.
                  | [Gargoyle growth]
 16992 | Volcano  | Reached XP level 14. HP: 88/92 MP: 28/28
 17005 | Volcano  | Reached skill level 1 in Armour
 17718 | Lair:5   | Reached skill level 16 in Earth Magic
 17887 | Lair:5   | Received a gift from Sif Muna
 18285 | Lair:5   | Reached skill level 17 in Earth Magic
 19249 | Lair:5   | Reached skill level 1 in Staves
 19724 | Lair:4   | Reached skill level 5 in Armour
 20044 | Lair:3   | Found a runed translucent door.
 20126 | Lair:3   | Found a runed translucent gate.
 20126 | Lair:3   | Found a runed translucent gate.
 20126 | Lair:3   | Found a runed translucent gate.
 20126 | Lair:3   | Found a runed translucent gate.
 20126 | Lair:3   | Found a runed translucent gate.
 20126 | Lair:3   | Found a runed translucent gate.
 20296 | Lair:3   | Reached XP level 15. HP: 76/100 MP: 29/29
 20500 | Lair:2   | Killed Xavori's ghost
 20500 | Lair:2   | Identified Kurchalu's Directory of the Congregated Sky (Sif
                  | Muna gifted it to you on level 2 of the Lair of Beasts)
 20500 | Lair:2   | Identified Sif Muna's Octavo of Twisted Space (Sif Muna
                  | gifted it to you on level 2 of the Lair of Beasts)
 20500 | Lair:2   | Received a gift from Sif Muna
 21041 | D:11     | Noticed Erolcha
 21051 | D:11     | Killed Erolcha
 21291 | D:11     | Found Niwno's Weapon Shop.
 21579 | D:11     | Noticed Erica
 21582 | D:11     | Killed Erica
 21583 | D:11     | Reached skill level 5 in Staves
 22415 | D:11     | Upgraded the game from 0.31-a0-875-g02e7d12df6 to
                  | 0.31-a0-876-gfe8ebadbca
 22514 | D:7      | Bought the Catalogue of the Creeping Shift for 1300 gold
                  | pieces
 22521 | D:7      | Learned a level 5 spell: Borgnjor's Vile Clutch
 22669 | D:12     | Reached skill level 1 in Necromancy
 22828 | D:12     | Found a staircase to the Orcish Mines.
 23596 | Orc:1    | Entered Level 1 of the Orcish Mines
 23750 | Orc:1    | Noticed Snorg
 23765 | Orc:1    | Killed Snorg
 24131 | Orc:1    | Noticed Gastronok
 24150 | Orc:1    | Killed Gastronok
 24295 | Orc:1    | Found a radiant altar of Vehumet.
 24346 | Orc:1    | Found Ahotsol's Distillery.
 24460 | Orc:2    | Entered Level 2 of the Orcish Mines
 24472 | Orc:2    | Noticed Azrael
 24785 | Orc:2    | Found a staircase to the Elven Halls.
 24826 | Orc:2    | Found a gateway to a bazaar.
 24849 | Orc:2    | Identified Sif Muna's Elucidation of Injury and Ozone (Sif
                  | Muna gifted it to you on level 2 of the Orcish Mines)
 24849 | Orc:2    | Received a gift from Sif Muna
 24876 | Orc:2    | Killed Azrael
 24877 | Orc:2    | Reached skill level 5 in Necromancy
 25239 | Orc:2    | Found a bloodstained altar of Trog.
 25460 | Orc:2    | Reached skill level 18 in Earth Magic
 25476 | Orc:2    | Found Voxiogun's Distillery.
 25476 | Orc:2    | Found Obic's Jewellery Shoppe.
 25478 | Orc:2    | Found Ownaqav's Assorted Antiques.
 25478 | Orc:2    | Found Hafuf's Antique Weapon Shoppe.
 25593 | Bazaar   | Entered a bazaar
 25607 | Bazaar   | Found Kuleusaq's General Store.
 25623 | Bazaar   | Found Xatriwum's Antique Weapon Emporium.
 25639 | Bazaar   | Found Atua's General Store.
 25655 | Bazaar   | Found Casai's Magic Scroll Emporium.
 25655 | Bazaar   | Found Umou's Weapon Shoppe.
 25697 | Bazaar   | Bought a scroll of enchant armour for 90 gold pieces
 25697 | Bazaar   | Bought a scroll of identify for 24 gold pieces
 25697 | Bazaar   | Bought a scroll of identify for 24 gold pieces
 25697 | Bazaar   | Bought a scroll of identify for 24 gold pieces
 25697 | Bazaar   | Bought a scroll of teleportation for 36 gold pieces
 25697 | Bazaar   | Bought a scroll of revelation for 90 gold pieces
 25697 | Bazaar   | Bought a scroll of vulnerability for 48 gold pieces
 25720 | Bazaar   | Bought a potion of heal wounds for 80 gold pieces
 25720 | Bazaar   | Bought a scroll of identify for 32 gold pieces
 25754 | Bazaar   | Bought a potion of mutation for 88 gold pieces
 25754 | Bazaar   | Bought a scroll of identify for 22 gold pieces
 25825 | Orc:2    | Learned a level 6 spell: Bombard
 25926 | D:13     | Found a transporter.
 25931 | D:13     | Noticed a vault warden
 26105 | D:13     | Found an ornate altar of the Wu Jian Council.
 26106 | D:13     | Found a transporter.
 26127 | D:13     | Found a transporter.
 26912 | D:13     | Found a bloodstained altar of Trog.
 26950 | D:13     | Found a runed translucent gate.
 26951 | D:13     | Found a runed translucent gate.
 26951 | D:13     | Found a runed translucent gate.
 26953 | D:13     | Noticed laschroeter's ghost (journeyman HOFi)
 27042 | D:13     | Reached XP level 16. HP: 91/106 MP: 30/30
 27148 | D:13     | Found a transporter.
 27246 | D:13     | Found an ornate altar of the Wu Jian Council.
 27395 | D:13     | Found a gate to the Vaults.
 27592 | D:14     | Noticed Jorgrun
 27611 | D:14     | Identified Sif Muna's Octavo of Trauma (Sif Muna gifted it
                  | to you on level 14 of the Dungeon)
 27611 | D:14     | Received a gift from Sif Muna
 27639 | D:14     | Noticed Agnes
 27643 | D:14     | Killed Agnes
 27889 | D:14     | Noticed Louise
 28043 | Snake:1  | Entered Level 1 of the Snake Pit
 28043 | Snake:1  | Found Finireus's Distillery.
 28345 | Snake:1  | Found Hausul's General Store.
 28356 | Snake:1  | Reached skill level 10 in Conjurations
 28445 | Snake:1  | Found Tesoxtahis's Weapon Emporium.
 28582 | Snake:1  | Noticed Roxanne
 28947 | Snake:1  | Found Vuclib's Jewellery Shop.
 29040 | Snake:1  | Found Herrifap's Antique Weapon Boutique.
 29848 | Snake:1  | Killed Roxanne
 29965 | Snake:1  | Bought the ring of Wabril {rC+ rN+ Int+5 Dex-3} for 573
                  | gold pieces
 30461 | Snake:2  | Noticed a nagaraja
 30469 | Snake:2  | Killed a nagaraja
 30783 | Snake:2  | Reached skill level 10 in Staves
 30783 | Snake:2  | Reached XP level 17. HP: 107/111 MP: 30/31
 31128 | Snake:2  | Identified Sif Muna's Reference Book on Dimensional
                  | Convocation (Sif Muna gifted it to you on level 2 of the
                  | Snake Pit)
 31128 | Snake:2  | Received a gift from Sif Muna
 31991 | Snake:4  | Entered Level 4 of the Snake Pit
 32192 | Snake:4  | Noticed Aizul
 32198 | Snake:4  | Killed Aizul
 32355 | Snake:4  | Found Batopp's Neck Hole.
 32363 | Snake:4  | Bought a scarf of resistance for 480 gold pieces
 33579 | Snake:4  | Identified Sif Muna's Catalogue of the Ironbound Lungs (Sif
                  | Muna gifted it to you on level 4 of the Snake Pit)
 33579 | Snake:4  | Received a gift from Sif Muna
 33881 | Snake:4  | Got a serpentine rune of Zot
 34367 | Orc:2    | Bought a ring of wizardry for 390 gold pieces
 34546 | Swamp:1  | Entered Level 1 of the Swamp
 34863 | Swamp:1  | Acquired the amulet "Pithiceh" {Faith rC+ Int+3 Dex+3}
 35129 | Swamp:2  | Reached XP level 18. HP: 106/116 MP: 32/32
 35897 | Swamp:2  | Reached skill level 19 in Earth Magic
 36795 | Swamp:3  | Identified the +0 falchion "Beastslayer" {heavy, Fragile
                  | rC++ rN++}
 37327 | Swamp:4  | Entered Level 4 of the Swamp
 37977 | Swamp:4  | Noticed Bai Suzhen
 38004 | Swamp:4  | Killed Bai Suzhen
 38676 | Swamp:4  | Identified Sif Muna's Book of the Missiles (Sif Muna gifted
                  | it to you on level 4 of the Swamp)
 38676 | Swamp:4  | Received a gift from Sif Muna
 38684 | Swamp:4  | Learned a level 5 spell: Irradiate
 38776 | Swamp:4  | Noticed a bone dragon
 38791 | Swamp:4  | Killed a bone dragon
 39408 | Swamp:4  | Got a decaying rune of Zot
 39602 | D:13     | Reached skill level 20 in Earth Magic
 39860 | D:13     | Killed laschroeter's ghost
 39999 | D:14     | Noticed Nessos
 40025 | D:14     | Killed Nessos
 40168 | Abyss:3  | Cast into level 3 of the Abyss (Louise)
 40184 | Abyss:3  | Noticed a dread lich
 40219 | Abyss:3  | Noticed a hellephant
 40585 | Abyss:3  | Noticed a bone dragon
 40594 | Abyss:3  | Killed a bone dragon
 40656 | Abyss:3  | Reached XP level 19. HP: 121/121 MP: 20/36
 40694 | D:14     | Escaped the Abyss
 40701 | D:14     | Killed Louise
 40851 | D:14     | Killed Jorgrun
 41114 | D:15     | Entered Level 15 of the Dungeon
 41247 | D:15     | Found a blossoming altar of Fedhas.
 41328 | D:15     | Received a gift from Sif Muna
 41799 | D:15     | Reached skill level 21 in Earth Magic
 41868 | D:15     | Found a staircase to the Depths.
 42530 | Orc:2    | Learned a level 9 spell: Shatter
 42657 | Vaults:1 | Entered Level 1 of the Vaults
 42974 | Vaults:1 | Noticed Nikola
 43423 | Vaults:1 | Found Kiogaoc's Antique Weapon Boutique.
 44256 | Vaults:1 | Reached skill level 22 in Earth Magic
 44387 | Vaults:1 | Identified Civul's Writings on Sciomancy and the Tundra
                  | (Sif Muna gifted it to you on level 1 of the Vaults)
 44387 | Vaults:1 | Received a gift from Sif Muna
 45165 | Vaults:1 | Killed Nikola
 45437 | Vaults:2 | Noticed Saint Roka
 45668 | Vaults:2 | Reached skill level 23 in Earth Magic
 45897 | Vaults:2 | Identified Sif Muna's Catalogue of the Shot (Sif Muna
                  | gifted it to you on level 2 of the Vaults)
 45897 | Vaults:2 | Received a gift from Sif Muna
 46071 | Vaults:2 | Reached XP level 20. HP: 96/127 MP: 30/38
 46148 | Vaults:2 | Killed Saint Roka
 47003 | Vaults:2 | Noticed Sojobo
 47014 | Vaults:2 | Killed Sojobo
 47230 | Vaults:2 | Reached skill level 24 in Earth Magic
 47537 | Vaults:2 | Found Lueshriuliu's Weapon Boutique.
 47844 | Vaults:3 | Reached skill level 15 in Spellcasting
 47845 | Vaults:3 | Noticed a golden dragon
 48051 | Vaults:3 | Found Isuam's Weapon Emporium.
 48385 | Vaults:3 | Identified Sif Muna's Octavo of Conjuration (Sif Muna
                  | gifted it to you on level 3 of the Vaults)
 48385 | Vaults:3 | Received a gift from Sif Muna
 48392 | Vaults:3 | Gained mutation: You sometimes lose your temper in combat.
                  | [a neqoxec]
 48729 | Vaults:3 | Killed a golden dragon
 49088 | Vaults:3 | Found a basalt altar of Yredelemnul.
 49453 | Vaults:3 | Found Zitigaiw's Weapon Shoppe.
 49602 | Vaults:3 | Found a staircase to the Crypt.
 49604 | Vaults:3 | Found an ancient bone altar of Kikubaaqudgha.
 49793 | Vaults:3 | Reached skill level 10 in Invocations
 50321 | Vaults:3 | Reached XP level 21. HP: 50/132 MP: 2/41
 50519 | Vaults:4 | Reached skill level 1 in Shields
 50695 | Vaults:4 | Found a transporter.
 50695 | Vaults:4 | Found Joizix's Antique Weapon Boutique.
 50717 | Vaults:4 | Found a transporter.
 50762 | Vaults:4 | Noticed Donald
 50764 | Vaults:4 | Killed Donald
 51397 | Vaults:4 | Reached skill level 5 in Shields
 51605 | Vaults:4 | Identified Sif Muna's Atlas of Terrestrial Confrontation
                  | (Sif Muna gifted it to you on level 4 of the Vaults)
 51605 | Vaults:4 | Received a gift from Sif Muna
 51608 | Vaults:4 | Paralysed by a great orb of eyes for 5 turns
 52422 | Vaults:4 | Reached skill level 10 in Shields
 52537 | Vaults:4 | Found a transporter.
 52538 | Vaults:4 | Found a transporter.
 52575 | Vaults:4 | Noticed Kevimi's ghost (adept FeNe)
 52575 | Vaults:4 | Identified the +8 giant club of the Hidden Vale {freeze,
                  | Int+3 Stlth+}
 52795 | Vaults:4 | Killed Kevimi's ghost
 53325 | Crypt:1  | Entered Level 1 of the Crypt
 53623 | Vaults:3 | Gained mutation: You have hidden genetic defects.
                  | [mutagenic glow]
 54132 | Crypt:1  | Reached skill level 15 in Shields
 54547 | Elf:1    | Entered Level 1 of the Elven Halls
 54717 | Elf:1    | Gained mutation: Your body sometimes deteriorates upon
                  | taking damage. [hidden defects]
 55728 | Elf:2    | Identified the -2 pair of boots "Tireh" {rPois Str+3}
 55763 | Elf:2    | Identified Sif Muna's Precepts of the Deep Freeze and
                  | Hurting (Sif Muna gifted it to you on level 2 of the Elven
                  | Halls)
 55763 | Elf:2    | Received a gift from Sif Muna
 55847 | Elf:2    | Reached XP level 22. HP: 133/138 MP: 40/42
 56275 | Elf:2    | Found a runed translucent gate.
 56275 | Elf:2    | Found a runed translucent gate.
 56275 | Elf:2    | Found a runed translucent gate.
 56383 | Elf:2    | Gained mutation: You are frail. (-10% HP) [hidden defects]
 56383 | Elf:2    | Lost mutation: You have hidden genetic defects. [hidden
                  | defects expressed]
 57212 | Elf:3    | Entered Level 3 of the Elven Halls
 57432 | Elf:3    | Reached skill level 15 in Fighting
 57438 | Elf:3    | Reached skill level 25 in Earth Magic
 57809 | Elf:3    | Identified Sif Muna's Secrets of Fey Diablerie (Sif Muna
                  | gifted it to you on level 3 of the Elven Halls)
 57809 | Elf:3    | Received a gift from Sif Muna
 58326 | Elf:3    | Paralysed by an air elemental for 1 turns
 58556 | Elf:3    | Identified the +6 orcbow "Xuurhell" {heavy, rC+ SInv}
 58601 | Elf:3    | Identified the +4 flail of Peteconi {pain, rC+}
 59034 | Elf:3    | Identified the staff "Killer Klown's Regret" {Fragile rPois
                  | Str+6 Dex+4 Poison}
 59064 | Elf:3    | Identified the +0 scale mail of the Northern Lights {+Inv
                  | Will- rCorr Dex+3}
 59334 | Elf:3    | Identified the +4 pair of boots of Lethargy {Str+3}
 59923 | Snake:1  | Bought a +6 ring of intelligence for 540 gold pieces
 60130 | Depths:1 | Entered Level 1 of the Depths
 60130 | Depths:1 | Found a one-way gate to the infinite horrors of the Abyss.
 60174 | Depths:1 | Found Yleutuvu's Vocational Training.
 60503 | Depths:1 | Found a gateway to Hell.
 60640 | Depths:1 | Found a broken altar of Ashenzari.
 60761 | Depths:1 | You are sucked into a shaft and drop 1 floor!
 60771 | Depths:2 | Reached XP level 23. HP: 103/132 MP: 8/44
 60771 | Depths:2 | Noticed a golden dragon
 60771 | Depths:2 | Noticed a caustic shrike
 61419 | Snake:1  | Bought a scroll of blinking for 97 gold pieces
 61419 | Snake:1  | Lost mutation: You sometimes lose your temper in combat.
                  | [potion of mutation]
 61419 | Snake:1  | Lost mutation: Your body sometimes deteriorates upon taking
                  | damage. [potion of mutation]
 61419 | Snake:1  | Lost mutation: You are frail. (-10% HP) [potion of
                  | mutation]
 61419 | Snake:1  | Gained mutation: You have sharp toenails. [potion of
                  | mutation]
 61419 | Snake:1  | Gained mutation: You are robust. (+10% HP) [potion of
                  | mutation]
 61947 | Depths:2 | Identified the +11 shadow dragon scales of Indomitability
                  | {Dex+2 Stlth++++}
 61949 | Depths:2 | Killed a golden dragon
 62392 | Depths:2 | Killed a caustic shrike
 62625 | Depths:2 | Found a one-way gate leading to the halls of Pandemonium.
 62743 | Depths:2 | Found a one-way gateway to a ziggurat.
 62812 | Depths:2 | Found the +5 Storm Queen's Shield {shock, Fly rElec}
 62819 | Depths:2 | Reached skill level 26 in Earth Magic
 63927 | Depths:3 | Identified Sif Muna's Elucidation of Momentum (Sif Muna
                  | gifted it to you on level 3 of the Depths)
 63927 | Depths:3 | Received a gift from Sif Muna
 66056 | Depths:4 | Entered Level 4 of the Depths
 66211 | Depths:4 | Reached XP level 24. HP: 121/173 MP: 6/45
 67137 | Depths:4 | Found a gate to the Realm of Zot.
 67567 | Depths:4 | Noticed Grunn
 67571 | Depths:4 | Killed Grunn
 67571 | Depths:4 | Received a gift from Sif Muna
 67930 | Depths:4 | Learned a level 8 spell: Lehudib's Crystal Spear
 69577 | Crypt:2  | Noticed Vv
 69580 | Crypt:2  | Killed Vv
 69980 | Crypt:3  | Entered Level 3 of the Crypt
 69994 | Crypt:3  | Identified Sif Muna's Cyclopedia of Grounded Soot (Sif Muna
                  | gifted it to you on level 3 of the Crypt)
 69994 | Crypt:3  | Identified Sif Muna's Volume of Oromancy (Sif Muna gifted
                  | it to you on level 3 of the Crypt)
 69994 | Crypt:3  | Received a gift from Sif Muna
 70226 | Crypt:3  | Reached skill level 15 in Conjurations
 70479 | Crypt:3  | Identified the +0 plate armour of Okawaru's Inspiration
                  | {Int+3 Dex+3 Stlth-}
 70712 | Crypt:3  | Reached ****** piety under Sif Muna
 70883 | Crypt:3  | Noticed a dread lich
 70886 | Crypt:3  | Killed a dread lich
 70936 | Crypt:3  | Identified Sif Muna's Essays on Minerals and the Glacier
                  | (Sif Muna gifted it to you on level 3 of the Crypt)
 70936 | Crypt:3  | Received a gift from Sif Muna
 71188 | Crypt:3  | Found a basalt altar of Yredelemnul.
 71592 | Crypt:3  | Found a staircase to the Tomb.
 71626 | Crypt:3  | Acquired a staff of earth
 71717 | Vaults:5 | Entered Level 5 of the Vaults
 71720 | Vaults:5 | Reached XP level 25. HP: 184/184 MP: 36/45
 71910 | Vaults:5 | Noticed Mennas
 71917 | Vaults:5 | Killed Mennas
 72208 | Vaults:5 | Identified the ring "Peplefum" {Str+2 SInv}
 72209 | Vaults:5 | Identified Utanwe's Grimoire of Battle Magic (Sif Muna
                  | gifted it to you on level 5 of the Vaults)
 72209 | Vaults:5 | Identified Sif Muna's Handbook of Fulmination (Sif Muna
                  | gifted it to you on level 5 of the Vaults)
 72209 | Vaults:5 | Identified Sif Muna's Total Understanding of Incantation
                  | (Sif Muna gifted it to you on level 5 of the Vaults)
 72209 | Vaults:5 | Identified Sif Muna's Anthology of Feathers and Arcane
                  | Weapons (Sif Muna gifted it to you on level 5 of the
                  | Vaults)
 72209 | Vaults:5 | Identified Sif Muna's Lectures on the Frostbound Sixfirhy
                  | (Sif Muna gifted it to you on level 5 of the Vaults)
 72209 | Vaults:5 | Received a gift from Sif Muna
 72366 | Vaults:5 | Identified the ring "Utzeomec" {+Blink rPois Will+ Str+2}
 72954 | Vaults:5 | Identified the +1 great sword "Ypalohery" {freeze, rN+
                  | Str-4 Int+3}
 72965 | Vaults:5 | Identified the +0 ring mail of Daffodils {Fly MP+9}
 73104 | Vaults:5 | Identified the +1 chain mail of Instinct {rPois rCorr MP-9}
 73304 | Vaults:5 | Identified the +1 ring mail of the Futuristic God {rCorr
                  | Str+3}
 73309 | Vaults:5 | Got a silver rune of Zot
 73370 | Vaults:5 | Identified the staff "Zoir" {Will+ SInv Conj}
 73905 | Depths:1 | Bought a manual of Evocations for 1440 gold pieces
 73905 | Depths:1 | Bought a manual of Invocations for 1440 gold pieces
 74012 | Zot:1    | Entered Level 1 of the Realm of Zot
 74254 | Zot:1    | Noticed Ygyeth Femmu's ghost (veteran MiBe)
 74383 | Zot:1    | Killed Ygyeth Femmu's ghost
 74402 | Zot:1    | Reached skill level 15 in Evocations
 74905 | Zot:1    | Reached XP level 26. HP: 164/193 MP: 30/45
 75507 | Zot:1    | Reached skill level 15 in Invocations
 75527 | Zot:1    | Identified Sif Muna's Vademecum on Wounds and Oromancy (Sif
                  | Muna gifted it to you on level 1 of the Realm of Zot)
 75527 | Zot:1    | Identified Sif Muna's Catalogue of Sandy Impulse (Sif Muna
                  | gifted it to you on level 1 of the Realm of Zot)
 75527 | Zot:1    | Identified Sif Muna's Highest Levels of Hermeneutics (Sif
                  | Muna gifted it to you on level 1 of the Realm of Zot)
 75527 | Zot:1    | Identified Sif Muna's Quarto of Elitism (Sif Muna gifted it
                  | to you on level 1 of the Realm of Zot)
 75527 | Zot:1    | Identified Sif Muna's Precepts of Variation and Tephra (Sif
                  | Muna gifted it to you on level 1 of the Realm of Zot)
 75527 | Zot:1    | Received a gift from Sif Muna
 76267 | Zot:2    | You are sucked into a shaft and drop 2 floors!
 77194 | Zot:3    | Identified Sif Muna's Atlas of the Baneful Cwm (Sif Muna
                  | gifted it to you on level 3 of the Realm of Zot)
 77194 | Zot:3    | Received a gift from Sif Muna
 77350 | Zot:3    | Noticed an orb of fire
 77701 | Slime:1  | Entered Level 1 of the Pits of Slime
 77714 | Slime:1  | Reached skill level 27 in Earth Magic
 78439 | Slime:3  | Gained mutation: You occasionally shout uncontrollably at
                  | your foes. [a shining eye]
 79041 | Slime:5  | Entered Level 5 of the Pits of Slime
 79046 | Slime:5  | Identified Bidoug's Vademecum on Solid Flesh (Sif Muna
                  | gifted it to you on level 5 of the Pits of Slime)
 79046 | Slime:5  | Received a gift from Sif Muna
 79442 | Slime:5  | Noticed the Royal Jelly
 79450 | Slime:5  | Killed the Royal Jelly
 79451 | Slime:5  | Reached XP level 27. HP: 192/202 MP: 46/46
 79482 | Slime:5  | Identified the +0 plate armour of the Depths {rElec Will++
                  | rCorr Dex-3}
 79484 | Slime:5  | Identified the staff of the Four Shrikes {rElec rPois Str+3
                  | Dex+2 Stlth+ Air}
 79676 | Slime:5  | Identified the +7 orcbow of Cheibriados's Fury {heavy, rC++
                  | rCorr Int-5 Stlth-}
 79677 | Slime:5  | Identified the +5 chain mail of Sloth {Drain Int+6 Dex+3}
 79762 | Slime:5  | Gained mutation: Your spells are a little easier to cast,
                  | but a little less powerful. [a shining eye]
 79781 | Slime:5  | Identified the +7 long sword of Harmony {holy, rF- Str+2
                  | Int+3}
 79783 | Slime:5  | Got a slimy rune of Zot
 79818 | Slime:5  | Identified the ring "Paoghiv" {rC++ rN+ Int-3 Dex+4}
 79960 | Slime:5  | Identified the +5 trident of Welfare {venom, Int+3 Dex+4
                  | Stlth+}
 79989 | Slime:5  | Identified Jayst's Codex of Conjuration (Sif Muna gifted it
                  | to you on level 5 of the Pits of Slime)
 79989 | Slime:5  | Identified Sif Muna's Spellbook of Grit (Sif Muna gifted it
                  | to you on level 5 of the Pits of Slime)
 79989 | Slime:5  | Identified Sif Muna's Folio of Detritus (Sif Muna gifted it
                  | to you on level 5 of the Pits of Slime)
 79989 | Slime:5  | Identified Sif Muna's Enchiridion on Spelunking and Arcane
                  | Weapons (Sif Muna gifted it to you on level 5 of the Pits
                  | of Slime)
 79989 | Slime:5  | Identified Sif Muna's Compilation of Grim Jinxing (Sif Muna
                  | gifted it to you on level 5 of the Pits of Slime)
 79989 | Slime:5  | Identified Sif Muna's Octavo of the Amassed Geodesic (Sif
                  | Muna gifted it to you on level 5 of the Pits of Slime)
 79989 | Slime:5  | Received a gift from Sif Muna
 80760 | Zot:3    | Killed an orb of fire
 81415 | Zot:3    | Reached skill level 10 in Armour
 82394 | Zot:4    | Noticed Parghit
 82941 | Zot:4    | Killed Parghit
 83503 | Zot:5    | Entered Level 5 of the Realm of Zot
 84447 | Zot:5    | Noticed an ancient lich
 84451 | Zot:5    | Killed an ancient lich
 84454 | Zot:5    | Noticed a dread lich
 84458 | Zot:5    | Killed a dread lich
 84646 | Zot:5    | Noticed an orb of fire
 84659 | Zot:5    | Killed an orb of fire
 85254 | Zot:5    | Noticed a dread lich
 85258 | Zot:5    | Killed a dread lich
 85262 | Zot:5    | Noticed a dread lich
 85269 | Zot:5    | Killed a dread lich
 85312 | Zot:5    | Noticed an orb of fire
 85446 | Zot:5    | Gained mutation: You frequently scream uncontrollably at
                  | your foes. [an orb of fire]
 85452 | Zot:5    | Killed an orb of fire
 85656 | Zot:5    | Learned a level 7 spell: Orb of Destruction
 85723 | Zot:5    | Noticed an orb of fire
 85733 | Zot:5    | Killed an orb of fire
 85880 | Zot:5    | Identified Sif Muna's Monograph on the Generative Welkin
                  | (Sif Muna gifted it to you on level 5 of the Realm of Zot)
 85880 | Zot:5    | Identified Sif Muna's Incunable of the Unlucky Salvo (Sif
                  | Muna gifted it to you on level 5 of the Realm of Zot)
 85880 | Zot:5    | Identified Sif Muna's Handbook of Sparks (Sif Muna gifted
                  | it to you on level 5 of the Realm of Zot)
 85880 | Zot:5    | Identified Sif Muna's Codex of the Fulgent Nimbus (Sif Muna
                  | gifted it to you on level 5 of the Realm of Zot)
 85880 | Zot:5    | Identified Sif Muna's Anthology of Destructive Grit (Sif
                  | Muna gifted it to you on level 5 of the Realm of Zot)
 85880 | Zot:5    | Identified Sif Muna's Monograph on Energy (Sif Muna gifted
                  | it to you on level 5 of the Realm of Zot)
 85880 | Zot:5    | Identified Sif Muna's Reference Book on Blows (Sif Muna
                  | gifted it to you on level 5 of the Realm of Zot)
 85880 | Zot:5    | Identified Sif Muna's Precepts of Electric Wildfire (Sif
                  | Muna gifted it to you on level 5 of the Realm of Zot)
 85880 | Zot:5    | Identified Sif Muna's Monograph on Bolts (Sif Muna gifted
                  | it to you on level 5 of the Realm of Zot)
 85880 | Zot:5    | Identified Sif Muna's Volume of Inquiry (Sif Muna gifted it
                  | to you on level 5 of the Realm of Zot)
 85880 | Zot:5    | Identified Sif Muna's Cyclopedia of Tephra (Sif Muna gifted
                  | it to you on level 5 of the Realm of Zot)
 85880 | Zot:5    | Identified Keratih's Information on Vapour (Sif Muna gifted
                  | it to you on level 5 of the Realm of Zot)
 85880 | Zot:5    | Received a gift from Sif Muna
 85889 | Zot:5    | Noticed an orb of fire
 85895 | Zot:5    | Killed an orb of fire
 85896 | Zot:5    | Noticed an orb of fire
 85903 | Zot:5    | Killed an orb of fire
 86013 | Zot:5    | Reached skill level 15 in Armour
 86109 | Zot:5    | Got the Orb of Zot
 86255 | Depths:2 | Noticed Xocoq the pandemonium lord
 86258 | Depths:2 | Killed Xocoq the pandemonium lord
 86368 | D:13     | Noticed Wuacwio the pandemonium lord
 86431 | D:8      | Noticed Fuseatam the pandemonium lord
 86433 | D:8      | Killed Fuseatam the pandemonium lord
 86553 | D:4      | Noticed Natasha
 86558 | D:4      | Killed Natasha
 86631 | D:1      | Noticed Poafel the pandemonium lord
 86635 | D:$      | Escaped with the Orb!

Illustrated notes

Levels and vault maps discovered:
D:1:      minmay_arrival_glassed_features, layout_loops_ring
D:2:      layout_basic, basic_altar, nicolae_ecumenical_oubliette
D:3:      layout_basic, kiku_gazebo_pond_becter
D:4:      layout_basic, amcnicky_altar_gilded, gup_sewer_entry_bowl,
          nicolae_kite_square_tiling_tiny, uniq_natasha, uniq_ijyb, uniq_pikel
D:5:      layout_loops_corners, kennysheep_orc_sif_temple,
          amcnicky_mini_rare_corridor_liquid, uniq_eustachio
D:6:      layout_rooms, minmay_temple_entry_butterflies, uniq_jeremiah
D:7:      hellmonk_ruined_rings, layout_rooms, serial_shops,
          nicolae_shop_back_alley_shop, gammafunk_ghost_gnarly_gnolls,
          st_stairs_9, nicolae_shop_i_like_big_books, uniq_duvessa, uniq_joseph,
          uniq_maggie
D:8:      layout_cave_pools, uniq_amaemon
D:9:      layout_roguey, erik_lair_orcish_takeover, enter_bailey_5
D:10:     layout_roguey, lemuel_tele_altar, nicolae_uskayaw_suspiria, kb_rosetta
D:11:     layout_basic, serial_shops, nicolae_shop_trees, uniq_erolcha,
          uniq_erica
D:12:     minmay_distorted_concentric_squares, layout_irregular_city,
          orc_0_dummy
D:13:     dreamdust_wu_jian_sword_trials, layout_layer_cave, david_vaults_5,
          gammafunk_ghost_spectres, fountainhead, minmay_misc_feat_enclosed,
          trog_ov_bears_minmay
D:14:     layout_gridville, nicolae_sextant, uniq_nessos, uniq_louise,
          uniq_agnes, uniq_jorgrun
D:15:     hellmonk_depths_entry_around_the_bend, layout_loops_ring,
          fedhas_altar_4, nicolae_benzene_ring
Lair:1:   layout_gridlike, grunt_forest_stairs_basic
Lair:2:   layout_cave_shapes, swamp_mist, portal_ice_cave_demonic_guard,
          gammafunk_ghost_grave, guppyfry_lair_drakes
Lair:3:   gammafunk_indiana_jones, layout_regular_city,
          alex1729_snake_entry_snake, infiniplex_staircase_pool
Lair:4:   layout_concentric_octagons, minmay_slime_entry_jelly_boxes,
          basic_altar, gammafunk_ghost_arena, chequers_serial_rivers_room_b
Lair:5:   guppyfry_lair_end_dragon, layout_cave_shapes,
          hangedman_lair_caniforms_friends, nicolae_volcano_entry_hallway
Swamp:1:  layout_falls_marsh, evilmike_swamp_ruin_house_1
Swamp:2:  layout_basic_swamp, evilmike_swamp_ruin_wall
Swamp:3:  layout_falls_marsh, evilmike_swamp_ruin_rubble_1
Swamp:4:  swamp_pestilence, layout_basic_swamp, uniq_bai_suzhen
Snake:1:  layout_concentric_octagons, serial_shops, shop,
          nicolae_shop_gaudy_bauble, shop_fountains,
          nicolae_shop_window_shopping, shop, uniq_roxanne
Snake:2:  layout_cave_shapes
Snake:3:  layout_misc_corridors
Snake:4:  johnstein_snake_rune_scales, layout_grid_maze,
          nicolae_shop_sticking_my_neck_out, uniq_aizul
Slime:1:  layout_caves, special_room [special_room_jelly]
Slime:2:  layout_caves
Slime:3:  layout_caves
Slime:4:  layout_caves
Slime:5:  slime_pit_nicolae_inversion
Orc:1:    layout_diamond_mine, basic_altar, serial_shops,
          nicolae_shop_pleasant_corner_grove, lemuel_statue_altar, uniq_snorg,
          uniq_gastronok
Orc:2:    grunt_orc_tribal_feast, layout_caves, basic_altar, serial_shops,
          bzr_entry_dummy, mines2_lemuel, uniq_azrael
Elf:1:    layout_loops_corners, minmay_elf_demonology, minivault_16
Elf:2:    elven_hall_of_blades_hangedman_original
          [nicolae_blade_entry_antechamber], layout_geoelf_diagonals,
          nicolae_elf_martial_mastery
Elf:3:    minmay_elf_hall_spiked, layout_gridlike, grunt_megastairs_5
Vaults:1: ontoclasm_vaults_fault, v_pattern_3, nicolae_vaults_tangram_2,
          v_misc_29, v_misc_14, vaults_room_large_hall,
          nicolae_vaults_security_offices_5, nicolae_vaults_storage_closets_3,
          ontoclasm_vaults_shuriken, vaults_room_grunt_arrival_ludios,
          layout_vaults_omnigrid, serial_shops, shop, uniq_nikola
Vaults:2: ontoclasm_vaults_eye, vaults_dpeg_spiral,
          nicolae_vaults_double_plus_3, vaults_mumra_lcd,
          hangedman_vaults_nodes, vaults_standard_mumra_x, v_misc_8,
          nicolae_vaults_network_quinsquares
          [nicolae_vaults_network_quincunx_subvault,
          nicolae_vaults_network_quincunx_subvault,
          nicolae_vaults_network_quincunx_subvault,
          nicolae_vaults_network_quincunx_subvault], vaults_room_octagon,
          nicolae_vaults_diamond_1, nicolae_vaults_specimen_jars,
          nicolae_vaults_alarming, vaults_dpeg_encased_lava, layout_vaults_ring,
          serial_shops, nicolae_shop_rolling_square, uniq_saint_roka,
          uniq_sojobo
Vaults:3: hangedman_vaults_trim, vaults_dpeg_doors, special_room_vaults
          [special_room_orc], nicolae_vaults_tangram_1,
          minmay_crypt_entry_necro_gods, hangedman_vaults_stream, v_misc_25,
          nicolae_vaults_storage_closets_2, nicolae_vaults_stepped_doors,
          nicolae_vaults_taking_the_gang_shopping, nicolae_vaults_double_plus_1,
          dpeg_vaults_monster_box, ontoclasm_vaults_hangar,
          layout_vaults_maze_snakey
Vaults:4: gammafunk_ghost_smash, nicolae_vaults_octagons,
          nicolae_vaults_sightless_eye, v_misc_31,
          nicolae_vaults_closet_pinwheel_2, nicolae_vaults_heist,
          ontoclasm_vaults_claustrophobia, nicolae_vaults_network_periphery,
          nicolae_vaults_trapezoid_3, nicolae_vaults_border_crossing,
          nicolae_vaults_tetromino_T_1, layout_vaults_omnibox, serial_shops,
          nicolae_shop_drivethru, uniq_donald
Vaults:5: serial_shops, uniq_mennas
Crypt:1:  layout_basic, grunt_crypt_arrival_webbed
Crypt:2:  layout_gridlike, minmay_misc_feat_columns, nicolae_crypt_soggy_tomb,
          uniq_vv
Crypt:3:  cryptofortress_bobbens
Depths:1: layout_basic, cheibrodos_ashenzari_chains, abyss_entry_glasseish,
          hangedman_coc_ice_floe, minmay_misc_feat_encased,
          nicolae_shop_vocational
Depths:2: minmay_complete_graph, layout_gridlike, enter_ziggurat_b, pan_entry,
          hangedman_decor_growths, abyss_entry, hell_entry
Depths:3: nzn_winding_woodlands_cross [nzn_winding_woodlands_5x15_zeroes,
          nzn_winding_woodlands_5x15_sidewinder,
          nzn_winding_woodlands_5x15_parted,
          nzn_winding_woodlands_5x15_river_crossing,
          nzn_winding_woodlands_15x15_five_gardens], layout_gridlike,
          abyss_entry, minmay_hedge_maze, pf_hell_entry_tar_river,
          small_statue_intersection, kennysheep_just_a_vault,
          minmay_staircase_statues, uniq_margery
Depths:4: grunt_twist_and_shout, layout_gridlike, hell_entry, serial_rivers,
          chequers_serial_rivers_micro_b, chequers_serial_rivers_small_b,
          chequers_serial_rivers_micro_c, chequers_serial_rivers_small_3,
          uniq_grunn
Zot:1:    lemuel_halls_of_wrath, layout_misc_corridors,
          ebering_ghost_inner_flame
Zot:2:    layout_cellular_growth
Zot:3:    layout_gridlike
Zot:4:    lemuel_draconian_sentries_small, layout_cathedral_of_symmetry,
          zot_minivault_1, uniq_parghit
Zot:5:    layout_basic

Skill      XL: |  1  2  3  4  5  6  7  8  9 10 11 12 13 14 15 16 17 18 19 20 21 22 23 24 25 26 27 |
---------------+----------------------------------------------------------------------------------+-----
Earth Magic    | 4 5 6 7 8 10 11 12 15 17 18 20 23 24 25 26 27 | 27.0
Spellcasting   | 3 4 5 6 7 10 13 14 16 17 18 19 20 | 20.0
Fighting       | 3 5 10 11 12 14 16 18 20 22 24 | 24.3
Transmutations | 3 4 5 7 |  7.0
Invocations    | 5 7 10 11 12 14 18 | 18.1
Stealth        | 4 |  4.0
Evocations     | 5 11 12 14 15 17 | 17.8
Conjurations   | 5 7 12 17 18 | 18.0
Armour         | 5 7 8 15 | 15.0
Staves         | 3 6 10 12 | 12.0
Necromancy     | 5 |  5.0
Shields        | 16 | 16.3
Dodging        | |  1.5

Action                     |  1- 3 |  4- 6 |  7- 9 | 10-12 | 13-15 | 16-18 | 19-21 | 22-24 | 25-27 || total
---------------------------+-------+-------+-------+-------+-------+-------+-------+-------+-------++-------
  Melee: Unarmed           |     3 |       |       |       |       |       |       |       |       ||     3
         Dagger            |     7 |    13 |     6 |       |       |       |       |       |       ||    26
         Whip              |       |       |    24 |     3 |       |       |       |       |       ||    27
         Trident           |       |       |     1 |    41 |   695 |   352 |   249 |       |       ||  1338
         Staff             |       |       |       |       |       |   197 |    53 |   385 |   470 ||  1105
         Punch             |       |       |       |       |       |       |     3 |       |       ||     3
  Throw: Dart              |       |       |       |     1 |     2 |       |     7 |       |       ||    10
   Cast: Sandblast         |    61 |   104 |   117 |   464 |   280 |   366 |    55 |     7 |       ||  1454
         Petrify           |       |       |    13 |    76 |    69 |     9 |     2 |       |     1 ||   170
         Brom's Barrelling |       |       |       |    29 |     6 |     2 |       |       |       ||    37
         Lee's Rapid Decon |       |       |       |     6 |   141 |    42 |    47 |    12 |       ||   248
         Stone Arrow       |       |       |       |       |   122 |       |       |       |       ||   122
         Borgnjor's Vile C |       |       |       |       |    42 |   228 |    65 |    53 |    31 ||   419
         Bombard           |       |       |       |       |       |   142 |    86 |    49 |       ||   277
         Shatter           |       |       |       |       |       |       |   184 |   224 |   157 ||   565
         Irradiate         |       |       |       |       |       |       |    23 |    33 |    46 ||   102
         Lehudib's Crystal |       |       |       |       |       |       |       |    10 |   189 ||   199
         Orb of Destructio |       |       |       |       |       |       |       |       |     6 ||     6
 Invoke: Channel Magic     |       |       |     1 |       |     1 |     3 |     6 |     3 |    13 ||    27
Ability: Evoke Blink       |       |       |       |       |       |       |       |       |     1 ||     1
  Evoke: Wand              |     1 |     2 |    10 |     8 |    24 |    16 |     6 |       |     1 ||    68
         Phantom mirror    |       |       |       |       |       |       |     1 |     1 |       ||     2
         Condenser vane    |       |       |       |       |       |       |       |       |     1 ||     1
    Use: Scroll            |     4 |     3 |     2 |     9 |    16 |    11 |     4 |     4 |    13 ||    66
         Potion            |       |     2 |       |     2 |     1 |       |     1 |     1 |     6 ||    13
   Stab: Sleeping          |       |     2 |       |       |       |     1 |       |     2 |     4 ||     9
         Petrified         |       |       |    20 |     8 |    46 |     2 |       |       |       ||    76
         Petrifying        |       |       |       |       |       |     1 |       |       |       ||     1
         Distracted        |       |       |       |       |       |       |       |     1 |     1 ||     2
 Armour: Robe              |    19 |    44 |    74 |    12 |       |       |   523 |   496 |    85 ||  1253
         Skin              |       |    16 |       |       |       |       |       |       |       ||    16
         Ring mail         |       |       |       |   358 |  1091 |  1495 |   181 |       |   530 ||  3655
  Dodge: Dodged            |    20 |    56 |    46 |   199 |   841 |   605 |   278 |   159 |   179 ||  2383
  Block: Kite shield       |       |       |       |       |       |       |    91 |   372 |   461 ||   924
         Reflection        |       |       |       |       |       |       |     4 |    20 |       ||    24

Table legend: (Time is in decaauts)
 A = Elapsed time spent in this place.
 B = Non-inter-level travel time spent in this place.
 C = Inter-level travel time spent in this place.
 D = Time resting spent in this place.
 E = Time spent auto-exploring this place.
 F = Levels seen in this place.
 G = Mean time per level.
                   A        B        C        D        E       F      G
               +--------+--------+--------+--------+--------+-----+--------+
         Total |  87474 |  77294 |  10180 |  10076 |  46457 |  59 | 1482.6 |
       Dungeon |  20136 |  16609 |   3527 |    803 |  11620 |  15 | 1342.4 |
          Lair |   9698 |   8680 |   1018 |    448 |   4624 |   5 | 1939.6 |
         Swamp |   5014 |   4494 |    520 |    766 |   2461 |   4 | 1253.5 |
     Snake Pit |   6299 |   5021 |   1278 |    469 |   2871 |   4 | 1574.8 |
    Slime Pits |   2542 |   2386 |    156 |    100 |   1553 |   5 |  508.4 |
  Orcish Mines |   2412 |   1818 |    594 |    272 |    918 |   2 | 1206.0 |
   Elven Halls |   5083 |   4700 |    383 |    716 |   2778 |   3 | 1694.3 |
        Vaults |  13716 |  12172 |   1544 |   3750 |   6164 |   5 | 2743.2 |
         Crypt |   3642 |   3510 |    132 |    147 |   2341 |   3 | 1214.0 |
        Depths |   8151 |   7485 |    666 |   1807 |   4264 |   4 | 2037.8 |
           Zot |   8615 |   8257 |    358 |    466 |   5970 |   5 | 1723.0 |
         Abyss |    550 |    550 |      0 |    190 |      0 |   1 |  550.0 |
        Bazaar |    215 |    215 |      0 |      0 |     83 |   1 |  215.0 |
        Bailey |    842 |    842 |      0 |     40 |    509 |   1 |  842.0 |
       Volcano |    552 |    552 |      0 |    100 |    299 |   1 |  552.0 |
               +--------+--------+--------+--------+--------+-----+--------+

Top non-repeatable levels by time:
Vaults:1: 3400 daAuts
Vaults:3: 3223 daAuts
Vaults:4: 3177 daAuts
Depths:3: 2738 daAuts
Vaults:2: 2691 daAuts
  Lair:5: 2630 daAuts
   Zot:5: 2514 daAuts
  Lair:4: 2353 daAuts
    D:13: 2235 daAuts
 Snake:1: 2226 daAuts
  Lair:3: 2094 daAuts
   Elf:2: 2094 daAuts
Depths:1: 1915 daAuts
Depths:4: 1866 daAuts
 Snake:4: 1811 daAuts
